 Dungeon Crawl Stone Soup version 0.19-a0-1568-gdd01aac (webtiles) character file.

3226 4thArraOfDagon the Carver (level 10, -14/59 HPs)
             Began as a Halfling Wanderer on Sept 15, 2016.
             Was a Priest of Okawaru.
             Demolished by a skeletal warrior
             ... wielding a +0 scimitar
              (28 damage)
             ... on level 7 of the Dungeon.
             The game lasted 00:32:01 (5130 turns).

4thArraOfDagon the Carver (Halfling Wanderer)       Turns: 5130, Time: 00:32:03

Health: -14/59     AC: 12    Str: 14 (15) XL:     10   Next: 18%
Magic:  21/22      EV: 16    Int: 11 (13) God:    Okawaru [***...]
Gold:   199        SH:  0    Dex: 15      Spells: 3 memorised, 4 levels left

rFire  . . .     SeeInvis .     r - +2 falchion (freeze)
rCold  . . .     Gourm    .     E - +0 ring mail
rNeg   . . .     Faith    .     (shield restricted)
rPois  .         Spirit   .     k - +2 hat {MR+}
rElec  .         Dismiss  .     l - +1 cloak
rCorr  .         Reflect  .     (no gloves)
MR     +....     Harm     .     (no boots)
Stlth  +++.......               (no amulet)
                                u - ring of magical power
                                v - +2 ring of dexterity

@: heroism
A: thin metallic scales 1, low mp 1, mutation resistance 1, MP-powered wands
a: Heroism, Renounce Religion


You were on level 7 of the Dungeon.
You worshipped Okawaru.
Okawaru was most pleased with you.
You were not hungry.

You visited 2 branches of the dungeon, and saw 8 of its levels.

You collected 199 gold pieces.

Inventory:

Hand Weapons
 e - a +0 club
 g - a +0 mace
 q - a +0 dagger
 r - a +2 falchion of freezing (weapon)
 G - a +2 dagger of speed
Missiles
 h - 63 stones (quivered)
 D - 4 curare-tipped needles
Armour
 d - a +0 robe
 k - a +2 hat of magic resistance (worn)
 l - a +1 cloak (worn)
 E - a +0 ring mail (worn)
Magical Staves
 t - an uncursed staff of air
Jewellery
 u - a ring of magical power (right hand)
 v - a +2 ring of dexterity (left hand)
Wands
 j - a wand of paralysis (0/24)
 n - a wand of slowing (18/48)
Scrolls
 i - a scroll of amnesia
 o - a scroll of remove curse
Potions
 w - 2 potions of degeneration
Books
 a - a book of Geomancy

   Spells                             Type                      Level
   a - Sandblast                      Earth                        1
   b - Passwall                       Transmutation/Earth          2
   c - Stone Arrow                    Conjuration/Earth            3
   d - Petrify                        Transmutation/Earth          4
   e - Lee's Rapid Deconstruction     Earth                        5
 b - the Disquisition on the Birds

   Spells                             Type                      Level
   a - Repel Missiles                 Charms/Air                   2
   b - Swiftness                      Charms/Air                   2


   Skills:
 - Level 1.4(6.4) Fighting
 - Level 4.6(14.1) Short Blades
 * Level 10.2(15.4) Long Blades
   Level 1.0(6.0) Polearms
 - Level 1.1(6.1) Dodging
 - Level 1.1(6.1) Stealth
 - Level 1.0 Spellcasting
   Level 1.5 Necromancy
 - Level 4.5 Earth Magic
 + Level 7.0 Invocations
 - Level 2.0 Evocations


You had 4 spell levels left.
You knew the following spells:

 Your Spells              Type           Power        Failure   Level  Hunger
a - Sandblast             Erth           ##....       12%         1    ##.....
b - Repel Missiles        Chrm/Air       #.....       89%         2    ###....
c - Passage of Golubria   Tloc           N/A          100%        4    #####..


Dungeon Overview and Level Annotations

Branches:
Dungeon (7/15)             Temple (1/1) D:7

Altars:
Ashenzari
Cheibriados
Elyvilon
Gozag
Hepliaklqana
Kikubaaqudgha
Makhleb
Okawaru
Qazlal
Ru
Sif Muna
Trog
Uskayaw
Vehumet
Xom
Yredelemnul
The Shining One

Annotations:
D:3 ilikecats's ghost, amateur OgMo
D:5 Duvessa


Innate Abilities, Weirdness & Mutations

You are small and have problems with some larger weapons.
You are somewhat resistant to further mutation.
You are partially covered in thin metallic scales. (AC +2)
Your magical capacity is low. (-10% MP)
You expend magic power (3 MP) to strengthen your wands.


Message History

Wield which item (- for none, * to show all)? (? for menu, Esc to quit)
Your +2 falchion of freezing glows with a cold blue light!
r - a +2 falchion of freezing (weapon)
Unknown command.
You gain the combat prowess of a mighty hero.
The skeletal warrior completely misses you.
Things that are here:
a dire flail; a chain mail Unknown command.
You see here a cloak.
Unknown command.
Unknown command.
The skeletal warrior hits you with a scimitar!!
* * * LOW HITPOINT WARNING * * *
Unknown command.
Unknown command.
Unknown command.
Unknown command.
The skeletal warrior hits you with a scimitar!!
You die...

#################### ###
##.#.#.#.##.).h.s...#####.####
#.#.#.#.#.#)#######.##..#.$..#
#.#.#.#.#.#)#[#[#(#.##....#..#
##.#.#.#.##.#.)...#.##.####.###
##.#.#.#.#..J.z...#.).H.#(....#
#.#.#.#.#.#.#.@...#H###.####.##
#.#.#.#.#.#.#(#[#.#.##..#....#
##.#.#.#(##.#######.##..H.#..#
#.#.#.#.##.........#####.####
####(###################S#
###.......# #.# ##.#.#.#.##
#.......### # #.# #..SH.....#
#.....#.# ##u #.###.#.#.#.##
#...###.# ##CHB##.#z........#


You could see a skeletal warrior and a slime creature.

Vanquished Creatures
  A deep elf mage (D:7)
  An orc knight (D:7)
  A cyclops (D:7)
  Prince Ribbit (D:6)
  Grinder (D:6)
  A human (D:6)
  A hog (D:7)
  A hippogriff (D:7)
  An orc warrior (D:7)
  An ice beast (D:7)
  A sky beast (D:5)
  A bullfrog (D:7)
  2 scorpions
  A killer bee (D:7)
  3 wights (D:6)
  3 howler monkeys
  A crimson imp (D:7)
  A jelly (D:7)
  A quasit (D:7)
  3 hounds
  2 orc priests
  An orc wizard (D:7)
  A centaur skeleton (D:7)
  An iguana (D:5)
  3 worker ants
  A hound zombie (D:6)
  A hound skeleton (D:7)
  Robin (D:2)
  5 adders
  2 oozes
  3 worms
  A dart slug (D:2)
  2 leopard geckos (D:2)
  8 orcs
  2 bats
  2 giant cockroaches
  19 goblins
  8 hobgoblins
  3 jackals (D:2)
  5 quokkas
  4 frilled lizards
  6 kobolds
  6 rats
114 creatures vanquished.

Notes
Turn   | Place    | Note
-------+----------+-------------------------------------------
     0 | D:1      | 4thArraOfDagon the Halfling Wanderer began the quest for the Orb.
     0 | D:1      | 4thArraOfDagon set off with: a book of Geomancy, the Disquisition on the Birds, a potion of lignification, a +0 robe, a +0 club, a bread ration
     0 | D:1      | Reached XP level 1. HP: 11/11 MP: 2/2
     0 | D:1      | Identified the Disquisition on the Birds
   139 | D:1      | Reached skill level 1 in Fighting
   152 | D:1      | Learned a level 1 spell: Sandblast
   189 | D:1      | Reached XP level 2. HP: 8/18 MP: 0/3
   447 | D:2      | Reached XP level 3. HP: 23/23 MP: 0/4
   678 | D:2      | Noticed Robin
  1063 | D:3      | Noticed an ogre
  1070 | D:3      | Learned a level 2 spell: Repel Missiles
  1169 | D:3      | Found a radiant altar of Vehumet.
  1226 | D:3      | Reached XP level 4. HP: 22/28 MP: 3/5
  1295 | D:3      | Noticed ilikecats's ghost (amateur OgMo)
  1791 | D:3      | Found a burning altar of Makhleb.
  1971 | D:4      | Reached XP level 5. HP: 17/33 MP: 0/6
  1982 | D:4      | Gained mutation: Your magical capacity is low. (-10% MP) [potion of mutation]
  2057 | D:4      | Reached skill level 1 in Short Blades
  2166 | D:5      | Entered Level 5 of the Dungeon
  2166 | D:5      | Found a deep blue altar of Sif Muna.
  2233 | D:6      | jacquesderrida: oooooooooooooooooooooooooo
  2244 | D:6      | jacquesderrida: wondererer
  2254 | D:6      | Reached XP level 6. HP: 38/38 MP: 6/6
  2265 | D:6      | Gained mutation: You expend magic power (3 MP) to strengthen your wands. [potion of mutation]
  2327 | D:6      | jacquesderrida: oooooooooo
  2341 | D:6      | jacquesderrida: falshong
  2448 | D:5      | Found a stormy altar of Qazlal.
  2469 | D:5      | Gained mutation: You are partially covered in thin metallic scales. (AC +2) [potion of mutation]
  2519 | D:5      | Reached skill level 1 in Long Blades
  2647 | D:6      | Noticed Grinder
  2710 | D:7      | Reached skill level 2 in Long Blades
  2710 | D:7      | Reached XP level 7. HP: 38/43 MP: 0/7
  2723 | D:7      | Found a staircase to the Ecumenical Temple.
  2743 | Temple   | Entered the Ecumenical Temple
  2801 | Temple   | Became a worshipper of Warmaster Okawaru
  2825 | D:7      | 4thArraOfDagon: OKER
  2836 | D:7      | Learned a level 4 spell: Passage of Golubria
  2861 | D:7      | Reached skill level 3 in Long Blades
  3038 | D:7      | Noticed a hog
  3038 | D:7      | Noticed a human
  3038 | D:7      | Noticed a yak
  3039 | D:7      | Noticed a hog
  3044 | D:7      | Noticed a hog
  3064 | D:7      | Killed a hog
  3064 | D:7      | Reached skill level 4 in Long Blades
  3064 | D:7      | Reached skill level 1 in Invocations
  3107 | D:6      | Killed a human
  3107 | D:6      | Reached * piety under Okawaru
  3107 | D:6      | Reached skill level 5 in Long Blades
  3107 | D:6      | Reached XP level 8. HP: 34/48 MP: 8/8
  3123 | D:6      | Killed Grinder
  3199 | D:6      | Turgon: Hi cerebov, congrats for beating 30 k again
  3206 | D:6      | Reached skill level 6 in Long Blades
  3252 | D:5      | Found a shimmering altar of Xom.
  3317 | D:5      | Noticed Duvessa
  3410 | D:4      | 4thArraOfDagon: oh come on, that was uberslow :D
  3429 | D:4      | Found a hazy altar of Hepliaklqana.
  3432 | D:4      | Found a hide-covered altar of Uskayaw.
  3586 | D:4      | 4thArraOfDagon: j/k ty, was quite chilly game
  3699 | D:2      | Turgon: Btw, first time I see a halfling with fiery red eyes
  3802 | D:2      | Killed Robin
  3920 | D:2      | Turgon: It'll look funny when you enter red level of pan
  3920 | D:2      | 4thArraOfDagon: its hobbit possessed by the forces of evil
  3957 | D:3      | 4thArraOfDagon: thats what happens when you dont take off your ring!
  3976 | D:5      | Turgon: lol
  4111 | D:6      | Reached skill level 7 in Long Blades
  4112 | D:6      | Turgon: One ring {rF+} to rule them all
  4123 | D:6      | Turgon: one ring to bind them
  4139 | D:6      | Reached XP level 9. HP: 52/53 MP: 11/11
  4141 | D:6      | Turgon: one ring to bring them all
  4165 | D:6      | Noticed Prince Ribbit
  4166 | D:6      | Turgon: and in the darkness bind them!
  4182 | D:6      | Killed Prince Ribbit
  4368 | D:7      | Charly: on a streak?
  4393 | D:7      | Reached skill level 5 in Invocations
  4394 | D:7      | Noticed a deep elf mage
  4406 | D:7      | Reached ** piety under Okawaru
  4408 | D:7      | Turgon: on a way to greater troll
  4412 | D:7      | Noticed an orc knight
  4434 | D:7      | Killed an orc knight
  4434 | D:7      | Reached skill level 8 in Long Blades
  4449 | D:7      | Turgon: or 'great troll' or whatever the name is for winning every class
  4701 | D:7      | Noticed a cyclops
  4727 | D:7      | Turgon: But I'm surprised 4thArra took Ha this time
  4730 | D:7      | Killed a cyclops
  4730 | D:7      | Reached *** piety under Okawaru
  4730 | D:7      | Reached skill level 9 in Long Blades
  4761 | D:7      | jacquesderrida: Oker
  4763 | D:7      | Turgon: Did you manage to win ALL the trolls in the meantime?
  4802 | D:7      | Turgon: ?? great troll
  4802 | D:7      | beem: I don't have a page labeled great_troll in my learndb.
  4805 | D:7      | Turgon: ?? greattroll
  4805 | D:7      | beem: greattroll ~ greatrole[1/2]: AK: Pacra
                  | AM: Sharkman1231
                  | Ar: jeanjacques, bmfx
                  | As: doubtofbuddha, Yermak
                  | Be: LexAckson, minmay, MorganLeah, Tedronai, tabstorm
                  | CK: Tolias, Zooty, lessens
                  | EE: Sharkman1231
                  | En: elliptic
                  | FE: DrKe
                  | Fi: Brannock, DEFE
                  | He: elliptic
  4847 | D:7      | Turgon: greatrole [2
  4847 | D:7      | Turgon: ?? greatrole [2
  4847 | D:7      | beem: greatrole[2/2]: Hu: doubtofbuddha
                  | IE: bmfx
                  | Mo: Sharkman1231, Hellmonk, Implojin
                  | Ne: Roarke
                  | Tm: perunasaurus
                  | VM: Croases
                  | Wn: Tolias, elliptic, simm, Blakmane
                  | Wz: Sharkman1231, vale
  4857 | D:7      | Noticed a skeletal warrior
  4875 | D:7      | Killed a deep elf mage
  4875 | D:7      | Reached XP level 10. HP: 59/59 MP: 13/13
  4876 | D:7      | srlsy
  4882 | D:7      | Charly: you wont kill it
  4899 | D:7      | Xiguana: wat te fuk
  4899 | D:7      | 4thArraOfDagon: i know :(
  4899 | D:7      | Xiguana: WAT
  4899 | D:7      | Xiguana: IS
  4899 | D:7      | Xiguana: THAT
  4899 | D:7      | jacquesderrida: It's iguanir
  4899 | D:7      | 4thArraOfDagon: its d:7
  4899 | D:7      | Xiguana: D7 CEREBOV????
  4899 | D:7      | jacquesderrida: YES
  4903 | D:7      | Xiguana: HOW
  4909 | D:7      | jacquesderrida: Mister Skeletal's friend
  4911 | D:7      | Turgon: Hey, it's cerebov's tile
  4921 | D:7      | Turgon: 4thArra plays it
  4922 | D:7      | Charly: special tile for 4thArra
  4926 | D:7      | Noticed a purple ugly thing
  4926 | D:7      | Noticed a cyclops
  4926 | D:7      | Noticed a manticore
  4926 | D:7      | Noticed a deep elf mage
  4926 | D:7      | Noticed a cyclops
  4927 | D:7      | srlsy
  4927 | D:7      | jacquesderrida: wow
  4930 | D:7      | jacquesderrida: Rily
  4931 | D:7      | jacquesderrida: How is this okay
  4932 | D:7      | jacquesderrida: !lg
  4932 | D:7      | beem: 2836. jacquesderrida the Sneak (L2 VSWn), shot by a centaur (arrow) on D:3 on 2016-09-15 15:16:47, with 14 points after 224 turns and 0:01:03.
  4933 | D:7      | jacquesderrida: This should be illegal
  4933 | D:7      | 4thArraOfDagon: its closed cluster!
  4933 | D:7      | jacquesderrida: They need to instal steel bars on the windwos
  4933 | D:7      | Turgon: tele, what else?
  4943 | D:7      | Turgon: oh, blink worked
  4943 | D:7      | Reached skill level 10 in Long Blades
  4944 | D:7      | 4thArraOfDagon: but no tele
  4978 | D:7      | Turgon: But I thought you wanted to win all troll classes
  4978 | D:7      | Turgon: Did you do it already?
  5095 | D:7      | 4thArraOfDagon: no, 10 missing!
  5130 | D:7      | Demolished by a skeletal warrior

Vault maps used:
D:1:      kennysheep_arrival_forest
D:2:      minmay_misc_feat_chi, uniq_robin
D:3:      nicolae_overflow_hidden_temple, vehumet_crystals, first_bread,
          kennysheep_generic_room_7
D:4:      minitemple
D:5:      lemuel_doored_altar, basic_altar, brannock_xom_greatest_gift,
          uniq_duvessa
D:6:      uniq_prince_ribbit1, uniq_grinder
D:7:      grunt_livestock, minmay_misc_feat_five, minmay_the_grid_3x2
Temple:   regret_index_temple_sphere_string

Skill      XL: |  1  2  3  4  5  6  7  8  9 10 |
---------------+-------------------------------+-----
Fighting       | 1 |  1.4
Earth Magic    | 3 4 |  4.5
Short Blades   | 3 4 |  4.6
Long Blades    | 2 5 7 9 10 | 10.2
Invocations    | 2 4 6 7 |  7.0
Polearms       | |  1.0
Dodging        | |  1.1
Stealth        | |  1.1
Spellcasting   | |  1.0
Necromancy     | |  1.5
Evocations     | |  2.0

Action                   |  1- 3 |  4- 6 |  7- 9 | 10-12 || total
-------------------------+-------+-------+-------+-------++-------
Melee: Mace              |    25 |    21 |       |       ||    46
       Club              |     4 |       |       |       ||     4
       Dagger            |       |    38 |       |       ||    38
       Falchion          |       |    33 |   263 |    25 ||   321
       Punch             |       |       |     1 |     1 ||     2
 Cast: Sandblast         |    34 |    27 |     7 |       ||    68
Invok: Heroism           |       |       |    10 |     3 ||    13
Evoke: Wand              |       |    12 |     7 |       ||    19
  Use: Potion            |     1 |     5 |    10 |     1 ||    17
       Scroll            |     3 |     7 |     2 |     7 ||    19
 Stab: Sleeping          |     1 |     1 |     2 |       ||     4
       Paralysed         |       |    13 |     2 |       ||    15
       Distracted        |       |       |     1 |       ||     1
  Eat: Chunk             |     1 |     3 |     4 |       ||     8
       Beef jerky        |     1 |     2 |       |       ||     3
       Fruit             |       |       |     4 |       ||     4
       Bread ration      |       |       |     2 |       ||     2
Armor: Robe              |     9 |    15 |    39 |       ||    63
       Skin              |     8 |       |     2 |       ||    10
       Ring mail         |       |       |     5 |     7 ||    12
Dodge: Dodged            |    33 |    61 |   141 |    17 ||   252
